cohdb
Replays
Latest Replays
All Replays
Popular Replays
Top Player Replays
Match Explorer
How It Works
Community
CoH3 Stats
Reddit
Sign in to upload your games and track your stats! →
Sign in with Steam
Match 45906757
Unlisted
Match 45906757
Overview
Messages
Build Orders
End
Royal Engineer Section
Construct Section Command Post
Dingo Light Scout Car
Selects Canadian Shock Battlegroup
Selects Canadian Shock Battlegroup
Infantry Section
Infantry Section
Vickers Machine Gun Team
Selects Attacking Spirit
Selects Canadian Shock Section
Canadian Shock Section
Selects Incendiary Munitions
Construct Platoon Command Post
Humber Armored Car
Selects Pyrotechnics
Construct Field Infirmary
Humber Armored Car
6-pounder Anti-tank Gun Team
Grenade Package
6-pounder Anti-tank Gun Team
Construct Company Command Post
BIOHAZARD
PUN-Martin
0
0
Comments
sign in to comment!
No comments posted yet!